 Dungeon Crawl Stone Soup version 0.31-a0-965-g8a8ce12e04 (webtiles) character file.

Game seed: 17459783040248967693

427 Shayle the Ducker (level 6, -1/38 HPs)
             Began as a Tengu Hexslinger on Oct 26, 2023.
             Killed by divine providence
             ... invoked by an orc priest
              (13 damage)
             ... on level 4 of the Dungeon.
             The game lasted 00:13:05 (3209 turns).

Shayle the Ducker (Tengu Hexslinger)                Turns: 3209, Time: 00:13:05

Health: -1/38      AC:  2    Str:  9    XL:     6   Next: 97%
Magic:  5/8        EV: 14    Int: 15    God:
Gold:   228        SH:  0    Dex: 16    Spells: 5/7 levels left

rFire   . . .        a - +1 sling
rCold   . . .        (no shield)
rNeg    . . .        c - +0 robe
rPois   .            (helmet restricted)
rElec   .            (no cloak)
rCorr   .            (no gloves)
SInv    .            (boots unavailable)
Will    .....        (no amulet)
Stlth   +++          (no ring)
HPRegen 0.26/turn    (no ring)
MPRegen 0.11/turn

%: acrobat
@: weak-willed, jinxed
A: beak, talons 3, acrobatic
a: no special abilities


You were on level 4 of the Dungeon.
You visited 1 branch of the dungeon, and saw 4 of its levels.
You also visited: Sewer.

You collected 228 gold pieces.

Inventory:

Hand Weapons
 a - a +1 sling (weapon)
Armour
 c - a +0 robe (worn)
 u - a +2 animal skin
Jewellery
 n - a ring of flight
Wands
 q - a wand of polymorph (7)
Scrolls
 b - 2 scrolls of poison
 d - a scroll of revelation {unknown}
 e - a scroll of identify
 f - 2 scrolls of torment {unknown}
 i - 2 scrolls of enchant weapon
 j - a scroll of teleportation
 k - 2 scrolls of fog
 l - a scroll of fear {unknown}
 m - a scroll of immolation {unknown}
 o - a scroll of acquirement {unknown}
 p - a scroll of blinking
Potions
 g - a potion of lignification {unknown}
 r - a potion of degeneration {unknown}
 s - 2 potions of mutation {unknown}
 t - a potion of might {unknown}


   Skills:
 + Level 4.0 Fighting
 - Level 2.1 Ranged Weapons
 + Level 4.8 Dodging
 + Level 4.0 Stealth
 - Level 1.0 Spellcasting
 - Level 2.1 Hexes
 - Level 1.1 Fire Magic


You had 5 spell levels left.
You knew the following spells:

 Your Spells              Type           Power      Damage    Failure   Level
a - Jinxbite              Hex            14%        N/A       16%         2

Your spell library contained the following spells:

 Spells                   Type           Power      Damage    Failure   Level
 Ensorcelled Hibernation  Hex/Ice        8%         N/A       24%         2
 Sigil of Binding         Hex            7%         N/A       30%         3
 Inner Flame              Hex/Fire       5%         N/A       36%         3
 Cause Fear               Hex            3%         N/A       69%         4
 Anguish                  Hex/Necr       2%         N/A       83%         4
 Dimensional Bullseye     Hex/Tloc       2%         N/A       83%         4


Dungeon Overview and Level Annotations

Branches:
Dungeon (4/15)              Sewer (visited)
 Temple: D:4-7

Altars:
Kikubaaqudgha
Wu Jian

Shops:
D:2 :

Annotations:
D:2 Sigmund


Innate Abilities, Weirdness & Mutations

You have a beak for a mouth.
You have claws for feet.
You can magically evade attacks while moving or waiting.


Message History

The orc wizard freezes you.
You hear a shout!
You hear an angry hiss.
You shoot a sling bullet. The sling bullet hits the orc wizard.
The orc wizard is severely wounded.
A giggling sprite leaps out and bonks the orc wizard with its +0 war axe of freezing.
The orc wizard is almost dead.
The grasping roots constrict you! The orc wizard closely misses you.
You shoot a sling bullet.
The sling bullet closely misses the orc wizard.
The sling bullet hits the orc priest.
The orc priest is moderately wounded.
A giggling sprite leaps out and makes the orc priest trip over its own feet.
The orc priest is heavily wounded.
The grasping roots constrict you.
The orc wizard points at you and mumbles some strange words.
You are confused.
The orc priest calls upon Beogh to heal the orc wizard.
The orc wizard is healed somewhat.
The grasping roots constrict you. The orc wizard casts a spell at you.
You resist with some effort.
The grasping roots release their grip on you.
You clumsily bash the orc wizard but do no damage.
Your kick misses the orc wizard.
You peck the orc wizard, but do no damage.
The orc wizard is severely wounded.
The orc priest mumbles some strange prayers to Beogh against you.
Beogh smites you!
* * * LOW HITPOINT WARNING * * *
You feel better.
The orc priest calls upon Beogh to heal the orc wizard.
The orc wizard is healed somewhat.
Unknown command.
Aiming: Polymorph
Press: ? - help, Shift-Dir - straight line, f - orc priest, p - orc wizard
Aim: an orc priest, wielding a +0 hand axe, wearing a +0 leather armour and carrying a wand of roots (heavily wounded, heavily drained, chance to call a sprite on attack: 52%, will become a hound, a gnoll, or a boggart, chance to affect: 61%)
The orc priest resists with significant effort.
The orc priest seems less drained.
The orc wizard seems less drained.
The orc priest mumbles some strange prayers to Beogh against you.
Beogh smites you!
You die...

.#...............#####..####..
..............................
............)....#####.#.##.#.
##..............## #.#<# ..
#.............## #.# # ..
#.....##......### #s# .#
..>##...##.##....# #.# ..#
.#.###.....###..?#####r#..#
.... .....# #..@##...!...# ...
..#.. #..o.........#
......oo.........#
.....................
...................##
.................>...
...................##
#..................#


You could see an orc priest, an orc wizard and an orc.

Vanquished Creatures
  A scorpion (D:3)
  A bullfrog (Sewer)
  2 jellies
  Ijyb (D:3)
  Robin (D:2)
  6 adders
  A worm (D:4)
  10 orcs (D:3)
  15 endoplasms
  15 giant cockroaches
  14 goblins
  8 hobgoblins
  2 jackals (D:3)
  6 kobolds
  12 quokkas
  16 ball pythons
  7 bats
  9 frilled lizards
  2 rats
129 creatures vanquished.

Notes
Turn   | Place    | Note
-------+----------+-------------------------------------------
     0 | D:1      | Shayle the Tengu Hexslinger began the quest for the Orb.
     0 | D:1      | Reached XP level 1. HP: 12/12 MP: 3/3
    21 | D:1      | Found a faded altar of an unknown god.
    72 | D:1      | Reached XP level 2. HP: 14/16 MP: 4/4
   141 | D:1      | Reached skill level 1 in Stealth
   491 | D:1      | Reached XP level 3. HP: 21/21 MP: 5/5
   791 | D:2      | Noticed Robin
  1049 | D:2      | Found Minydwene's Book Boutique.
  1338 | D:2      | You fall into a shaft and drop 1 floor!
  1454 | D:3      | Reached XP level 4. HP: 13/27 MP: 6/6
  1480 | D:3      | Noticed Ijyb
  1517 | D:3      | Found an ornate altar of the Wu Jian Council.
  1540 | D:3      | Found a glowing drain.
  1554 | Sewer    | Entered a sewer
  1631 | Sewer    | Learned a level 2 spell: Jinxbite
  1666 | Sewer    | Reached XP level 5. HP: 31/31 MP: 7/7
  2121 | Sewer    | Reached XP level 6. HP: 17/37 MP: 6/8
  2528 | D:3      | Killed Ijyb
  2607 | D:3      | Found an ancient bone altar of Kikubaaqudgha.
  2977 | D:2      | Killed Robin
  3083 | D:2      | Noticed Sigmund
  3209 | D:4      | Killed from afar by an orc priest

Illustrated notes

Levels and vault maps discovered:
D:1:      dpeg_arrival_radiant, layout_loops_ring,
          shapermc_ecumenical_altar_pompeii
D:2:      layout_loops_ring, serial_shops, shop, uniq_sigmund, uniq_robin
D:3:      layout_rooms, mainiacjoe_overflow_catch_the_wave,
          portal_sewer_entry_f, uniq_ijyb
D:4:      layout_rooms, zin_angel, uniq_edmund, uniq_blork_the_orc

Skill      XL: |  1  2  3  4  5  6 |
---------------+-------------------+-----
Stealth        | 1 2 3 4 |  4.0
Fighting       | 2 3 4 |  4.0
Dodging        | 3 4 |  4.8
Ranged Weapons | |  2.1
Spellcasting   | |  1.0
Hexes          | |  2.1
Fire Magic     | |  1.1

Action                     |  1- 3 |  4- 6 || total
---------------------------+-------+-------++-------
  Melee: Unarmed           |       |    30 ||    30
         Sling             |       |     1 ||     1
         Peck              |       |     1 ||     1
   Fire: Sling             |   115 |   292 ||   407
   Cast: Jinxbite          |       |    10 ||    10
  Evoke: Wand              |       |     1 ||     1
    Use: Potion            |       |     3 ||     3
         Scroll            |       |     3 ||     3
 Armour: Robe              |    28 |    99 ||   127
         Skin              |       |     2 ||     2
  Dodge: Dodged            |    35 |   235 ||   270

Table legend: (Time is in decaauts)
 A = Elapsed time spent in this place.
 B = Non-inter-level travel time spent in this place.
 C = Inter-level travel time spent in this place.
 D = Time resting spent in this place.
 E = Time spent auto-exploring this place.
 F = Levels seen in this place.
 G = Mean time per level.
                   A        B        C        D        E       F      G
               +--------+--------+--------+--------+--------+-----+--------+
         Total |   3396 |   3259 |    137 |    595 |   1283 |   5 |  679.2 |
       Dungeon |   2623 |   2486 |    137 |    257 |   1283 |   4 |  655.8 |
         Sewer |    772 |    772 |      0 |    338 |      0 |   1 |  772.0 |
               +--------+--------+--------+--------+--------+-----+--------+

Top non-repeatable levels by time:
     D:1: 914 daAuts
     D:3: 852 daAuts
   Sewer: 772 daAuts
     D:2: 734 daAuts
     D:4: 122 daAuts
